 Dungeon Crawl Stone Soup version 0.20-a0-540-ge6d1839 (webtiles) character file.

75695 pichaelthompson the Cleaver (level 15, 0/120 HPs)
             Began as a Demonspawn Berserker on Jan 27, 2017.
             Was the Champion of Trog.
             Slain by a shock serpent (3 damage)
             ... on level 3 of the Snake Pit on Jan 31, 2017.
             The game lasted 01:55:24 (23573 turns).

pichaelthompson the Cleaver (Demonspawn Berserker) Turns: 23573, Time: 01:55:27

Health: 0/120      AC: 25    Str: 26    XL:     15   Next: 10%
Magic:  0/15       EV: 18    Int:  9    God:    Trog [******]
Gold:   314        SH:  0    Dex: 19    Spells: 14/14 levels left

rFire    . . .     SeeInvis .   U - +7 glaive of Cunot {chop, Str+7}
rCold    . . .     Gourm    .   O - +5 ring mail of the Present {rElec Str+3 Dex+2}
rNeg     + + +     Faith    .   (shield currently unavailable)
rPois    +         Spirit   +   X - +2 helmet
rElec    +         Reflect  .   k - +2 cloak "Xiycum" {rPois rN++ Str-3}
rCorr    .         Harm     .   y - +2 pair of gloves
MR       +....                  (boots unavailable)
Stlth    +.........             A - amulet of guardian spirit
Regen    0.3/turn               I - ring of poison resistance
                                g - ring of positive energy

@: exhausted, slowed, studying Axes, very slow
A: hooves 3, slimy green scales 2, foul stench 1, powered by death 2, rot
immunity
a: Berserk, Trog's Hand, Brothers in Arms, Burn Spellbooks, Renounce Religion


You were on level 3 of the Snake Pit.
You worshipped Trog.
Trog was exalted by your worship.
You were not hungry.

You visited 3 branches of the dungeon, and saw 19 of its levels.
You also visited: Bailey.

You collected 1296 gold pieces.
You spent 982 gold pieces at shops.

Inventory:

Hand Weapons
 D - the +3 executioner's axe "Zimioh" {freeze, rPois rF+ rC-}
   (Trog gifted it to you on level 9 of the Dungeon)

   It has been specially enchanted to freeze those struck by it, causing extra
   injury to most foes and up to half again as much damage against particularly
   susceptible opponents.
   It can also slow down cold-blooded creatures.
   It protects you from fire.
   It makes you vulnerable to cold.
   It protects you from poison.
 N - the +3 whip of Extremism {drain, rC+ MR+ Dex-2}
   (You found it on level 9 of the Dungeon)

   A truly terrible weapon, it drains the life of those it strikes.
   It affects your dexterity (-2).
   It protects you from cold.
   It affects your resistance to hostile enchantments.
 U - the +7 glaive of Cunot (weapon) {chop, Str+7}
   (Trog gifted it to you on level 3 of the Snake Pit)

   It inflicts extra damage upon your enemies.
   It affects your strength (+7).
 Z - a +9 demon trident of draining
Armour
 k - the +2 cloak "Xiycum" (worn) {rPois rN++ Str-3}
   (You found it on level 10 of the Dungeon)

   It affects your strength (-3).
   It protects you from poison.
   It greatly protects you from negative energy.
 y - a +2 pair of gloves (worn)
 K - a +2 large shield
 O - the +5 ring mail of the Present (worn) {rElec Str+3 Dex+2}
   (You bought it in a shop on level 11 of the Dungeon)

   It affects your strength (+3).
   It affects your dexterity (+2).
   It insulates you from electricity.
 X - a +2 helmet (worn)
Jewellery
 g - a ring of positive energy (left hand)
 i - an uncursed ring of protection from cold
 r - an uncursed ring of flight
 u - an uncursed ring of protection from cold
 A - an amulet of guardian spirit (around neck)
 I - a ring of poison resistance (right hand)
 J - an uncursed ring of magical power
 P - an uncursed ring of magical power
Wands
 j - a wand of lightning (8/15)
 C - a wand of iceblast (6/15)
Scrolls
 e - a scroll of enchant weapon
 h - 4 scrolls of teleportation
 l - 4 scrolls of remove curse
 p - 5 scrolls of recharging
 q - 2 scrolls of magic mapping
 s - 5 scrolls of fear
 v - a scroll of summoning {unknown}
 x - 2 scrolls of fog {unknown}
 B - 4 scrolls of blinking
 E - 2 scrolls of random uselessness {unknown}
 H - 2 scrolls of brand weapon {unknown}
Potions
 b - a potion of cancellation
 d - 4 potions of might
 n - 4 potions of flight
 o - 14 potions of curing
 t - 6 potions of mutation
 w - 2 potions of agility
 z - 2 potions of lignification
 F - a potion of ambrosia
 G - 6 potions of heal wounds
 L - 4 potions of magic
 M - a potion of cure mutation
 Q - 2 potions of haste
 S - a potion of invisibility
 V - a potion of berserk rage
 Y - 2 potions of resistance {unknown}
Books
 f - a book of Maledictions

   Spells                             Type                      Level
   a - Corona                         Hexes                        1
   b - Ensorcelled Hibernation        Hexes/Ice                    2
   c - Confuse                        Hexes                        3
   d - Tukima's Dance                 Hexes                        3
   e - Dazzling Spray                 Conjuration/Hexes            3
   Trog disapproves of the use of such an item.
 T - a manual of Axes
Comestibles
 a - 4 meat rations
 c - 9 bread rations
 m - 2 royal jellies


   Skills:
 + Level 11.6 Fighting
 + Level 11.8(14.2) Axes
 + Level 10.1(12.3) Maces & Flails
 + Level 9.7(12.1) Polearms
 + Level 9.4 Armour
 + Level 8.5 Dodging
 + Level 2.3 Stealth
 + Level 6.8 Shields


You had 14 spell levels left.
You didn't know any spells.

Dungeon Overview and Level Annotations

Branches:
Dungeon (12/15)            Temple (0/1) D:4            Lair (4/6) D:10
  Swamp (0/4) Lair:4        Snake (3/4) Lair:4          Orc (0/2) D:12

Altars:
Cheibriados
Hepliaklqana
Nemelex Xobeh
Okawaru
Qazlal
Zin

Shops:
D:8 !   D:9 %   D:11 [%[!   Snake:1 ?[:!

Annotations:
Lair:1 exclusion: oklob plant


Innate Abilities, Weirdness & Mutations

You have hooves in place of feet.
You are mostly covered in slimy green scales. (AC +3)
You may emit foul miasma when damaged in melee.
You regenerate health from kills.
You are immune to rotting.


Message History

You miss the shock serpent. Your kick misses the shock serpent.
The shock serpent bites you! The shock serpent shocks you. You resist.
* * * LOW HITPOINT WARNING * * *
The shock serpent bites you!
* * * LOW HITPOINT WARNING * * *
The shock serpent shocks you. You resist.
* * * LOW HITPOINT WARNING * * *
You slice the shock serpent!! Your kick misses the shock serpent.
The shock serpent is heavily wounded.
The shock serpent's electric aura discharges, shocking you!
* * * LOW HITPOINT WARNING * * *
The shock serpent bites you but does no damage.
The shock serpent looks sick.
The shock serpent bites you!
* * * LOW HITPOINT WARNING * * *
The shock serpent shocks you. You resist.
* * * LOW HITPOINT WARNING * * *
The shock serpent bites you.
* * * LOW HITPOINT WARNING * * *
The shock serpent shocks you. You resist.
You die...

##...# ####........ ###..#.#
#........
+....#.########.....)..
####(#.............).). ..
#(#...............).
..#######(...............)..
............................
......................(.....
##........S@................
.......[...........<#####...
...................#.#P(....
.....................≈≈≈≈≈≈≈
.....................≈≈≈.≈≈.
.#.#.#.#.#.#.#.#.#...≈♣≈≈≈≈.
#..................P≈≈≈≈≈≈≈≈
##(#.#.#.#.#.#.#.#...P≈≈≈≈.≈
#.................##P≈≈≈≈≈≈.


You could see a shock serpent.

Vanquished Creatures
  Kirke (Snake:1)
  8 naga warriors
  2 hydras
  The ghost of GenericOverusedName the Carver, a journeyman DsAK of Lugonu (D:9)
  2 catoblepae
  6 anacondas
  3 death yaks (D:10)
  5 two-headed ogres
  9 shock serpents
  The ghost of sand the Wallflower, a journeyman VSTm of Uskayaw (Lair:1)
  2 naga sharpshooters (Snake:3)
  A salamander mystic (Snake:3)
  An unseen horror (D:11)
  The ghost of Endobalistic the Cleaver, a novice HuFi of Elyvilon (Bailey)
  A naga ritualist (Snake:1)
  8 sea snakes (Snake:3)
  2 lindwurms (Lair:4)
  Pikel (D:9)
  A manticore (D:12)
  A mana viper (Snake:3)
  5 salamanders
  A guardian serpent (Snake:3)
  7 elephants
  22 black mambas
  4 naga magi
  The ghost of Iamsock the Shield-Bearer, a novice DsFi of Qazlal (D:5)
  7 spiny frogs
  A rime drake (Lair:2)
  A komodo dragon (Lair:1)
  A kobold demonologist (D:12)
  2 tengu conjurers (D:9)
  A queen bee (Lair:4)
  2 trolls
  A hornet (D:11)
  3 meliai (Lair:4)
  5 slime creatures (D:12)
  10 blink frogs
  4 hippogriffs
  8 wyverns
  3 basilisks (Lair:4)
  A wraith (D:10)
  25 yaks
  3 hungry ghosts
  Menkaure (D:5)
  18 nagas
  6 swamp worms (Lair:4)
  12 water moccasins
  4 porcupines
  8 orc warriors
  3 ice beasts
  3 slaves (D:9)
  5 sky beasts
  2 phantoms (D:8)
  12 wolves
  7 ogres
  4 centaurs
  3 crocodiles
  3 big kobolds
  11 bullfrogs
  2 wyvern skeletons
  2 scorpions
  37 killer bees
  5 electric eels
  A centaur zombie (D:5)
  7 crimson imps
  A bullfrog zombie (D:11)
  5 jellies
  5 orc priests
  A bullfrog skeleton (D:8)
  7 hounds
  2 centaur skeletons
  A gnoll shaman (D:6)
  20 orc wizards
  10 worker ants
  2 iguanas
  A hound zombie (D:10)
  2 hound skeletons
  A worker ant zombie (D:7)
  A howler monkey zombie (D:10)
  20 gnolls
  17 adders
  2 howler monkey skeletons
  A shadow imp (D:10)
  An ooze (D:2)
  An adder zombie (D:6)
  3 adder skeletons
  3 worms
  6 dart slugs
  10 leopard geckos
  41 orcs
  5 bats
  3 giant cockroaches (D:1)
  14 goblins
  17 hobgoblins
  7 jackals
  4 quokkas
  5 frilled lizards
  A jackal skeleton (D:8)
  40 kobolds
  2 leopard gecko skeletons (D:5)
  A leopard gecko zombie (D:5)
  A quokka skeleton (D:6)
  7 rats
  2 fungi
604 creatures vanquished.

Vanquished Creatures (others)
  6 humans (Snake:1)
  A killer bee (Lair:4)
  A fungus (Lair:4)
8 creatures vanquished.

Grand Total: 612 creatures vanquished

Notes
Turn   | Place    | Note
-------+----------+-------------------------------------------
     0 | D:1      | pichaelthompson the Demonspawn Berserker began the quest for the Orb.
     0 | D:1      | Reached XP level 1. HP: 18/18 MP: 1/1
   330 | D:1      | Gained mutation: You have large cloven feet. [demonic ancestry]
   330 | D:1      | Reached XP level 2. HP: 14/24 MP: 2/2
   965 | D:1      | Gained mutation: You regenerate a little health from kills. [demonic ancestry]
   965 | D:1      | Reached XP level 3. HP: 20/29 MP: 3/3
  1849 | D:2      | Reached ** piety under Trog
  1917 | D:2      | Found a snail-covered altar of Cheibriados.
  1996 | D:2      | Gained mutation: You are partially covered in slimy green scales. (AC +2) [demonic ancestry]
  1996 | D:2      | Reached XP level 4. HP: 30/35 MP: 4/4
  2877 | D:3      | Reached skill level 1 in Axes
  2900 | D:3      | Found a stormy altar of Qazlal.
  3241 | D:4      | Reached XP level 5. HP: 35/41 MP: 5/5
  3566 | D:4      | Noticed an ogre
  3576 | D:4      | Killed an ogre
  3576 | D:4      | Gained mutation: You have hoof-like feet. [demonic ancestry]
  3576 | D:4      | Reached XP level 6. HP: 48/48 MP: 6/6
  3599 | D:4      | Found a staircase to the Ecumenical Temple.
  3745 | D:5      | Entered Level 5 of the Dungeon
  3818 | D:5      | Noticed Iamsock's ghost (novice DsFi)
  3820 | D:5      | Noticed an ice beast
  3827 | D:5      | Killed Iamsock's ghost
  3827 | D:5      | Gained mutation: You regenerate health from kills. [demonic ancestry]
  3827 | D:5      | Reached XP level 7. HP: 55/55 MP: 7/7
  3831 | D:5      | Reached skill level 5 in Axes
  3903 | D:5      | Reached *** piety under Trog
  4059 | D:5      | Gained mutation: You have hooves in place of feet. [demonic ancestry]
  4059 | D:5      | Reached XP level 8. HP: 60/61 MP: 8/8
  4185 | D:5      | Reached skill level 5 in Fighting
  4416 | D:5      | Noticed Menkaure
  4422 | D:5      | Killed Menkaure
  5696 | D:7      | Reached XP level 9. HP: 68/68 MP: 9/9
  5713 | D:6      | Reached **** piety under Trog
  6259 | D:7      | Received a gift from Trog
  6793 | D:8      | Found Jyjanett's Distillery.
  6868 | D:8      | Reached skill level 5 in Armour
  6907 | D:8      | Bought a potion of heal wounds for 65 gold pieces
  6907 | D:8      | Bought a potion of heal wounds for 65 gold pieces
  6907 | D:8      | Bought a potion of curing for 39 gold pieces
  6907 | D:8      | Bought a potion of curing for 39 gold pieces
  6943 | D:8      | Noticed a two-headed ogre
  6951 | D:8      | Killed a two-headed ogre
  6994 | D:8      | Reached XP level 10. HP: 56/77 MP: 10/10
  7341 | D:8      | Reached ***** piety under Trog
  7598 | D:8      | Reached skill level 10 in Axes
  8015 | D:8      | Noticed a two-headed ogre
  8024 | D:8      | Killed a two-headed ogre
  8567 | D:9      | Received a gift from Trog
  8578 | D:9      | Noticed GenericOverusedName's ghost (journeyman DsAK)
  8581 | D:9      | Got a transparent executioner's axe {god gift}
  8600 | D:9      | Killed GenericOverusedName's ghost
  8600 | D:9      | Reached skill level 1 in Shields
  8609 | D:9      | Identified the +3 executioner's axe "Zimioh" {freeze, rPois rF+ rC-} (Trog gifted it to you on level 9 of the Dungeon)
  8626 | D:9      | Found an iron altar of Okawaru.
  8629 | D:9      | Found a hazy altar of Hepliaklqana.
  8629 | D:9      | Found a sparkling altar of Nemelex Xobeh.
  8632 | D:9      | Found a glowing silver altar of Zin.
  8712 | D:9      | Noticed Pikel
  8720 | D:9      | Killed Pikel
  8750 | D:9      | Found Keung's Food Shoppe.
  8845 | D:9      | Found a flagged portal.
  8864 | Bailey   | Entered a bailey
  8952 | Bailey   | Noticed Endobalistic's ghost (novice HuFi)
  8970 | Bailey   | Killed Endobalistic's ghost
  8970 | Bailey   | Gained mutation: You are mostly covered in slimy green scales. (AC +3) [demonic ancestry]
  8970 | Bailey   | Reached XP level 11. HP: 86/86 MP: 11/11
  9308 | D:9      | Got a pitted whip
  9309 | D:9      | Identified the +3 whip of Extremism {drain, rC+ MR+ Dex-2} (You found it on level 9 of the Dungeon)
  9489 | D:9      | Noticed a two-headed ogre
  9502 | D:9      | Killed a two-headed ogre
  9843 | D:9      | Reached skill level 1 in Maces & Flails
  9895 | D:9      | Noticed a two-headed ogre
  9906 | D:9      | Killed a two-headed ogre
 10319 | D:10     | Entered Level 10 of the Dungeon
 10327 | D:10     | Noticed a two-headed ogre
 10341 | D:10     | Killed a two-headed ogre
 10495 | D:10     | Found a snail-covered altar of Cheibriados.
 10746 | D:10     | Noticed a death yak
 10747 | D:10     | Noticed a death yak
 10748 | D:10     | Noticed a death yak
 10748 | D:10     | Found a staircase to the Lair.
 10773 | D:10     | Killed a death yak
 10807 | D:10     | Killed a death yak
 10807 | D:10     | Reached skill level 5 in Maces & Flails
 10846 | D:10     | Killed a death yak
 10846 | D:10     | Reached skill level 1 in Stealth
 10855 | D:10     | Gained mutation: You are immune to rotting. [demonic ancestry]
 10855 | D:10     | Reached XP level 12. HP: 23/95 MP: 12/12
 11156 | D:10     | Got a pitted cloak
 11167 | D:10     | Identified the +2 cloak "Xiycum" {rPois rN++ Str-3} (You found it on level 10 of the Dungeon)
 11640 | D:11     | Found Figejen's Food Shoppe.
 11688 | D:11     | Found Kusu Yli's Distillery.
 11705 | D:11     | Bought a potion of ambrosia for 112 gold pieces
 11705 | D:11     | Bought a potion of heal wounds for 70 gold pieces
 11705 | D:11     | Bought a potion of curing for 42 gold pieces
 11742 | D:11     | Found Vovug's Antique Armour Boutique.
 11775 | D:11     | Received a gift from Trog
 12189 | D:11     | Found Genucoxt's Antique Armour Emporium.
 12192 | D:11     | Bought a twisted ring mail for 144 gold pieces
 12202 | D:11     | Identified the +5 ring mail of the Present {rElec Str+3 Dex+2} (You bought it in a shop on level 11 of the Dungeon)
 13200 | D:12     | Found a staircase to the Orcish Mines.
 13298 | D:12     | Reached skill level 5 in Dodging
 13524 | D:11     | Upgraded the game from 0.20-a0-537-g052e6ba to 0.20-a0-540-ge6d1839
 13855 | Lair:1   | Entered Level 1 of the Lair of Beasts
 14028 | Lair:1   | Reached skill level 10 in Fighting
 14049 | Lair:1   | Noticed a seven-headed hydra
 14068 | Lair:1   | Killed a seven-headed hydra
 14090 | Lair:1   | Noticed sand's ghost (journeyman VSTm)
 14101 | Lair:1   | Killed sand's ghost
 15260 | Lair:2   | Gained mutation: You may emit foul miasma when damaged in melee. [demonic ancestry]
 15260 | Lair:2   | Reached XP level 13. HP: 103/103 MP: 13/13
 15265 | Lair:2   | Received a gift from Trog
 17273 | Lair:4   | Reached ****** piety under Trog
 17305 | Lair:4   | Found a staircase to the Swamp.
 17732 | Lair:4   | Received a gift from Trog
 17811 | Lair:4   | Reached skill level 10 in Maces & Flails
 18078 | Lair:4   | Got a faintly glowing morningstar
 18102 | Lair:4   | Identified the cursed +1 morningstar "Osuiq" {protect, Str+5} (You found it on level 4 of the Lair of Beasts)
 18295 | Lair:4   | Found a staircase to the Snake Pit.
 18565 | Snake:1  | Entered Level 1 of the Snake Pit
 18637 | Snake:1  | Found Faomuof's Book Boutique.
 18637 | Snake:1  | Found Jufohusm's Antique Armour Shop.
 18639 | Snake:1  | Found Wequ's Distillery.
 18642 | Snake:1  | Found Hiczaxte's Magic Scroll Shop.
 18682 | Snake:1  | Bought a potion of heal wounds for 70 gold pieces
 18682 | Snake:1  | Bought 2 potions of curing for 84 gold pieces
 18682 | Snake:1  | Bought a potion of heal wounds for 70 gold pieces
 18682 | Snake:1  | Bought a potion of curing for 42 gold pieces
 18682 | Snake:1  | Bought a potion of heal wounds for 70 gold pieces
 18682 | Snake:1  | Bought a potion of heal wounds for 70 gold pieces
 18718 | Snake:1  | Reached skill level 5 in Polearms
 19047 | Snake:1  | You fall through a shaft!
 19318 | Snake:2  | Reached XP level 14. HP: 111/113 MP: 9/14
 20770 | Snake:2  | Reached skill level 5 in Shields
 20872 | Snake:1  | Noticed Kirke
 20890 | Snake:1  | Killed Kirke
 21353 | Snake:1  | Received a gift from Trog
 22869 | Snake:3  | Reached XP level 15. HP: 26/119 MP: 2/15
 23516 | Snake:3  | Received a gift from Trog
 23519 | Snake:3  | Got a translucent glaive {god gift}
 23526 | Snake:3  | Identified the +7 glaive of Cunot {chop, Str+7} (Trog gifted it to you on level 3 of the Snake Pit)
 23573 | Snake:3  | HP: 3/120 [shock serpent (4)]
 23573 | Snake:3  | Slain by a shock serpent

Vault maps used:
D:1:      minmay_arrival_widening_spiral_narrow
D:2:      marbit_many_paths
D:3:      lemuel_doored_altar
D:4:      temple_green, hangedman_decor_peaks_small
D:5:      first_bread, uniq_menkaure
D:8:      serial_co_window_serial, co_window_of_opportunity_a,
          co_window_of_opportunity_a, co_window_corner_a, co_window_paths_a,
          co_window_corner_a, co_window_of_opportunity_b,
          co_window_of_opportunity_c, co_window_2corner, co_window_broadway_c,
          co_window_2corner, co_window_of_opportunity_b,
          co_window_of_opportunity_b, co_window_paths_d, co_window_4corner_b,
          serial_shops, shop
D:9:      corexii_shack_village, grunt_temple_overflow_open, serial_shops,
          nicolae_shop_waterfront, enter_bailey_2, uniq_pikel
D:10:     dpeg_lair_monsters, basic_altar
D:11:     serial_shops, shop, kennysheep_mini, shop,
          nicolae_shop_window_shopping
D:12:     erik_orc_3
Lair:1:   minmay_lair_oklob_tunnel, minivault_26, beast_lair_carwin_1,
          lemuel_fruit_tree
Lair:3:   grunt_megastairs_2
Lair:4:   regret_index_tunnel_blossom, nicolae_swamp_entry_splash_gauntlet,
          st_stairs_10
Snake:1:  spider_trap, minmay_shoptagon, uniq_kirke
Snake:2:  grunt_megastairs_3
Snake:3:  st_stairs_12, serial_bayou_pond_b
Bailey:   bailey_axe_2, bailey

Skill      XL: |  1  2  3  4  5  6  7  8  9 10 11 12 13 14 |
---------------+-------------------------------------------+-----
Polearms       | 3 5 9 |  9.7
Dodging        | 2 3 4 5 7 8 |  8.5
Axes           | 1 3 4 6 8 9 11 | 11.8
Fighting       | 4 5 6 8 9 10 11 | 11.6
Armour         | 2 3 5 6 8 9 |  9.4
Shields        | 1 3 4 6 |  6.8
Maces & Flails | 5 8 10 | 10.1
Stealth        | 1 2 |  2.3

Action                   |  1- 3 |  4- 6 |  7- 9 | 10-12 | 13-15 || total
-------------------------+-------+-------+-------+-------+-------++-------
Melee: Spear             |   129 |       |       |       |       ||   129
       Kick              |    33 |    18 |    96 |   413 |   484 ||  1044
       War axe           |    16 |   115 |   302 |   110 |       ||   543
       Executioner's axe |       |       |       |    97 |       ||    97
       Whip              |       |       |       |   941 |   586 ||  1527
       Demon trident     |       |       |       |       |   617 ||   617
       Glaive            |       |       |       |       |    22 ||    22
Invok: Berserk           |     2 |     2 |     9 |    23 |    12 ||    48
       Burn Spellbooks   |       |       |       |       |     1 ||     1
  Use: Scroll            |       |     5 |     3 |    13 |    15 ||    36
       Potion            |       |       |       |     5 |     4 ||     9
  Eat: Chunk             |     5 |     7 |    16 |    35 |    15 ||    78
       Bread ration      |     1 |       |       |       |       ||     1
       Royal jelly       |       |       |     2 |     3 |     7 ||    12
       Meat ration       |       |       |       |     3 |       ||     3
       Fruit             |       |       |       |     1 |    14 ||    15
Armor: Animal skin       |    16 |    28 |       |       |       ||    44
       Leather armour    |       |     8 |       |    35 |       ||    43
       Plate armour      |       |    10 |   203 |   307 |       ||   520
       Ring mail         |       |       |       |   245 |   436 ||   681
       Chain mail        |       |       |       |    44 |       ||    44
Dodge: Dodged            |   109 |    98 |   101 |   570 |   646 ||  1524
Block: Buckler           |       |       |     7 |   132 |   172 ||   311
       Large shield      |       |       |       |       |   340 ||   340
